 Dungeon Crawl Stone Soup version 0.29.0-4-gdea44cf6ec (webtiles) character file.

Game seed: 5252755071994068070

6866 qw the Cleaver (level 11, -4/64 HPs)
             Began as a Tengu Warper on Aug 28, 2022.
             Was an Elder of Okawaru.
             Slain by a cyclops (23 damage)
             ... on level 8 of the Dungeon.
             The game lasted 00:01:00 (8889 turns).

qw the Cleaver (Tengu Warper)                       Turns: 8889, Time: 00:01:01

Health: -4/64      AC: 22    Str: 15    XL:     11   Next: 6%
Magic:  13/15      EV: 12    Int: 14    God:    Okawaru [****..]
Gold:   381        SH:  6    Dex: 14    Spells: 14/14 levels left

rFire   . . .      SeeInvis .   Y - +0 war axe (venom)
rCold   . . .      Faith    .   m - +0 buckler
rNeg    . . .      Spirit   .   f - +0 chain mail
rPois   +          Reflect  .   (helmet restricted)
rElec   .          Harm     .   l - +1 cloak
rCorr   .          Rampage  .   s - +0 pair of gloves
Will    .....                   (boots unavailable)
Stlth   ..........              (no amulet)
HPRegen 0.20/turn               o - +4 ring of protection
MPRegen 0.14/turn               g - ring of poison resistance

@: heroic, flying quickly and evasively, quick
A: beak, talons 3, nimble flight, iridescent scales 1
a: Renounce Religion, Heroism, Finesse


You were on level 8 of the Dungeon.
You worshipped Okawaru.
Okawaru was greatly pleased with you.
You visited 1 branch of the dungeon, and saw 8 of its levels.

You collected 381 gold pieces.


Innate Abilities, Weirdness & Mutations

You have a beak for a mouth.
You have claws for feet.
Your magical nature lets you fly swiftly and evasively.
You are partially covered in iridescent scales. (AC +2)


   Skills:
 - Level 6.1(11.1) Fighting
 + Level 13.0(18.0) Axes
 - Level 1.0(6.0) Throwing
 - Level 6.5(11.5) Armour
 - Level 4.1(9.1) Dodging
 - Level 5.1(10.1) Shields
 - Level 2.0 Spellcasting
 - Level 2.4 Translocations
 + Level 4.6 Invocations


You had 14 spell levels left.
You didn't know any spells.
Your spell library contained the following spells:

 Spells                   Type           Power      Damage    Failure   Level
 Blink                    Tloc           16%        N/A       88%         2
 Gell's Gravitas          Tloc           8%         N/A       98%         3
 Lesser Beckoning         Tloc           8%         N/A       98%         3
 Teleport Other           Tloc           8%         N/A       98%         3
 Manifold Assault         Tloc           8%         N/A       100%        5

Inventory:

Hand Weapons
 b - a +2 flail of pain
 Y - a +0 war axe of venom (weapon)
Missiles
 h - 12 boomerangs (quivered)
Armour
 f - a +0 chain mail (worn)
 l - a +1 cloak (worn)
 m - a +0 buckler (worn)
 s - a +0 pair of gloves (worn)
Jewellery
 g - a ring of poison resistance (right hand)
 i - a +6 ring of strength
 o - a +4 ring of protection (left hand)
Scrolls
 a - 3 scrolls of identify
 d - a scroll of summoning {unknown}
 e - 6 scrolls of teleportation
Potions
 c - 3 potions of mutation
 j - a potion of might
 p - a potion of haste
 u - a potion of heal wounds

Dungeon Overview and Level Annotations

Branches:
Dungeon (8/15)             Temple (0/1) D:7            Lair (0/5) D:8

Altars:
Cheibriados
Elyvilon
Nemelex Xobeh
Okawaru
Ru
Vehumet
Wu Jian
Yredelemnul

Annotations:
D:6 3 runed translucent doors, qw's ghost, amateur TeWr


Message History

You hit the centaur warrior but do no damage.
The centaur warrior looks as sick as possible!
You claw the centaur warrior! Your peck misses the centaur warrior.
The centaur warrior is almost dead.
You hit the two-headed ogre but do no damage.
The two-headed ogre looks as sick as possible!
The centaur warrior hits you.
The centaur warrior kicks you but does no damage.
You slash the centaur warrior!
You kill the centaur warrior!
Okawaru is honoured by your kill.
You can now speed up your combat.
You hit the two-headed ogre but do no damage.
The two-headed ogre barely misses you. The two-headed ogre closely misses you.
Your base Armour skill increases to level 6!
You hit the two-headed ogre but do no damage.
The two-headed ogre is moderately wounded.
You hit the two-headed ogre.
The two-headed ogre looks as sick as possible!
Your kick misses the two-headed ogre.
The two-headed ogre is heavily wounded.
You hit the cyclops.
The cyclops is poisoned.
The two-headed ogre hits you with a +0 giant spiked club!
The two-headed ogre hits you with a +0 giant club.
You slash the two-headed ogre!
The two-headed ogre looks as sick as possible!
You claw the two-headed ogre.
The two-headed ogre is almost dead.
You hit the cyclops but do no damage. You block the cyclops's attack.
You slash the two-headed ogre!
You kill the two-headed ogre!
Okawaru is honoured by your kill.
You hit the cyclops.
The cyclops looks as sick as possible!
Your base Dodging skill increases to level 4!
You have reached level 11!
You slash the cyclops!
The cyclops looks as sick as possible!
You claw the cyclops.
The cyclops is heavily wounded.
The cyclops hits you!!
You die...

##..# ##...#####................
##...###.......#.................
.....##.....#....................
.###........# .......... .#
##......## #......... .#
##..##.## #......... .#
#.###..###......... .# #.#
#.......#####. .# .##
#......@)...# .# #.
#....####C.....# .. #...##
.......# ... .....# ...###...#
###..#...# .##.. ..# ##.#...#..
..[ .# # ..#... .=.. # .. c..#


You could see a cyclops (extremely poisoned).

Vanquished Creatures
  A two-headed ogre (D:8)
  2 centaur warriors (D:8)
  Prince Ribbit (D:8)
  A basilisk (D:8)
  3 wyverns
  8 yaks
  Eustachio (D:4)
  2 steam dragons
  5 water moccasins
  Edmund (D:4)
  A black bear (D:6)
  2 ice beasts
  An ogre (D:6)
  A centaur (D:8)
  2 bullfrogs
  3 scorpions
  A necrophage (D:7)
  A killer bee (D:8)
  5 howler monkeys
  4 hounds
  3 jellies
  3 orc priests
  A gnoll bouda (D:6)
  Jessica (D:3)
  4 iguanas
  7 orc wizards
  7 gnolls
  7 adders
  5 river rats (D:6)
  A white imp (D:5)
  2 ufetubi
  7 worms
  5 dart slugs
  40 orcs
  7 endoplasms
  3 giant cockroaches
  4 hobgoblins
  9 kobolds
  7 quokkas
  4 ball pythons
  3 bats
  A frilled lizard (D:2)
  12 goblins
  25 rats
  A bush (D:8)
215 creatures vanquished.

Vanquished Creatures (others)
  A basilisk (D:8)
  4 plants (D:8)
5 creatures vanquished.

Grand Total: 220 creatures vanquished

Notes
Turn   | Place    | Note
-------+----------+-------------------------------------------
     0 | D:1      | qw the Tengu Warper began the quest for the Orb.
     0 | D:1      | Reached XP level 1. HP: 12/12 MP: 4/4
     0 | D:1      | 0 ||| qw: Version: 0.1-a-89-g26bdef1
     0 | D:1      | 0 ||| qw: Game counter: 1390
     0 | D:1      | 0 ||| qw: Always use a shield: true
     0 | D:1      | 0 ||| qw: God list: Okawaru
     0 | D:1      | 0 ||| qw: Allow faded altars: false
     0 | D:1      | 0 ||| qw: Do Orc after D:15 true
     0 | D:1      | 0 ||| qw: Do second Lair branch before Depths: true
     0 | D:1      | 0 ||| qw: Lair rune preference: random
     0 | D:1      | 0 ||| qw: Plans: Normal
     0 | D:1      | 0 ||| PLANNING D:1-11
    64 | D:1      | 64 ||| Stepping ~*~*~tactically~*~*~ (stealth).
    79 | D:1      | Reached XP level 2. HP: 13/17 MP: 6/6
    80 | D:1      | Reached skill level 3 in Axes
   262 | D:1      | 262 ||| Stepping ~*~*~tactically~*~*~ (stealth).
   363 | D:1      | Noticed a floating eye
   369 | D:1      | Noticed a shining eye
   372 | D:1      | Found a faded altar of an unknown god.
   375 | D:1      | Noticed a golden eye
   375 | D:1      | Noticed a golden eye
   697 | D:1      | 697 ||| UPGRADING to +0 cloak.
   702 | D:1      | 702 ||| UPGRADING to amulet of guardian spirit.
   707 | D:1      | 707 ||| DROPPING ring of wizardry.
   708 | D:1      | 708 ||| DROPPING +6 ring of intelligence.
   709 | D:1      | 709 ||| UPGRADING to +6 ring of dexterity.
   710 | D:1      | 710 ||| READING scroll labelled UFOQEOTERA.
   711 | D:1      | 711 ||| READING 2 scrolls labelled RAG BOROQ HET.
   712 | D:1      | 712 ||| READING scroll labelled WOUNUHIOBU.
   713 | D:1      | 713 ||| DROPPING scroll of blinking.
   714 | D:1      | 714 ||| DROPPING scroll of butterflies.
   759 | D:2      | Reached XP level 3. HP: 21/21 MP: 7/7
   969 | D:2      | Reached skill level 4 in Axes
   994 | D:2      | 994 ||| Stepping ~*~*~tactically~*~*~ (stealth).
   996 | D:2      | 996 ||| Stepping ~*~*~tactically~*~*~ (stealth).
   999 | D:2      | 999 ||| Stepping ~*~*~tactically~*~*~ (stealth).
  1001 | D:2      | 1001 ||| Stepping ~*~*~tactically~*~*~ (stealth).
  1012 | D:2      | 1012 ||| Stepping ~*~*~tactically~*~*~ (stealth).
  1014 | D:2      | 1014 ||| Stepping ~*~*~tactically~*~*~ (stealth).
  1016 | D:2      | 1016 ||| Stepping ~*~*~tactically~*~*~ (stealth).
  1170 | D:2      | Reached XP level 4. HP: 11/26 MP: 6/8
  1172 | D:2      | HP: 6/26 [poisoned by an adder]
  1204 | D:2      | 1204 ||| FLEEEEING.
  1205 | D:2      | 1205 ||| FLEEEEING.
  1209 | D:2      | 1209 ||| FLEEEEING.
  1210 | D:2      | 1210 ||| FLEEEEING.
  1211 | D:2      | 1211 ||| FLEEEEING.
  1212 | D:2      | 1212 ||| FLEEEEING.
  1213 | D:2      | 1213 ||| FLEEEEING.
  1214 | D:2      | 1214 ||| FLEEEEING.
  1215 | D:2      | 1215 ||| FLEEEEING.
  1244 | D:2      | 1244 ||| FLEEEEING.
  1254 | D:2      | 1254 ||| STAIRDANCE
  1461 | D:1      | 1461 ||| READING scroll labelled SORAEVU JIWERPH.
  1465 | D:1      | 1465 ||| READING 2 scrolls of identify.
  1465 | D:1      | 1465 ||| IDENTIFYING glowing ruby potion
  1466 | D:1      | 1466 ||| DROPPING potion of magic.
  1693 | D:2      | 1693 ||| Stepping ~*~*~tactically~*~*~ (stealth).
  1694 | D:2      | 1694 ||| Stepping ~*~*~tactically~*~*~ (stealth).
  1757 | D:2      | Reached skill level 5 in Axes
  1761 | D:2      | 1761 ||| Stepping ~*~*~tactically~*~*~ (stealth).
  1763 | D:2      | 1763 ||| Stepping ~*~*~tactically~*~*~ (stealth).
  1767 | D:2      | 1767 ||| Stepping ~*~*~tactically~*~*~ (stealth).
  1775 | D:2      | 1775 ||| FLEEEEING.
  1776 | D:2      | 1776 ||| FLEEEEING.
  1800 | D:2      | 1800 ||| FLEEEEING.
  1982 | D:2      | 1982 ||| Stepping ~*~*~tactically~*~*~ (stealth).
  1984 | D:2      | 1984 ||| Stepping ~*~*~tactically~*~*~ (stealth).
  1986 | D:2      | 1986 ||| Stepping ~*~*~tactically~*~*~ (stealth).
  1997 | D:2      | 1997 ||| DROPPING +0 whip.
  2002 | D:2      | 2002 ||| Stepping ~*~*~tactically~*~*~ (stealth).
  2004 | D:2      | 2004 ||| Stepping ~*~*~tactically~*~*~ (hiding).
  2287 | D:2      | Gained mutation: Your magical nature lets you fly swiftly
                  | and evasively. [Tengu growth]
  2287 | D:2      | Reached XP level 5. HP: 30/30 MP: 7/9
  2420 | D:2      | 2420 ||| UPGRADING to ring of poison resistance.
  2457 | D:3      | Noticed Jessica
  2458 | D:3      | 2458 ||| Stepping ~*~*~tactically~*~*~ (hiding).
  2563 | D:3      | Killed Jessica
  2573 | D:3      | Found a snail-covered altar of Cheibriados.
  2703 | D:3      | Reached skill level 3 in Dodging
  3526 | D:3      | 3526 ||| UPGRADING to +0 scale mail.
  3536 | D:3      | 3536 ||| DROPPING +0 leather armour.
  3537 | D:3      | 3537 ||| DRINKING 2 fizzy green potions.
  3537 | D:3      | Gained mutation: You are partially covered in iridescent
                  | scales. (AC +2) [potion of mutation]
  3538 | D:3      | 3538 ||| READING 3 scrolls of identify.
  3538 | D:3      | 3538 ||| IDENTIFYING white potion
  3539 | D:3      | 3539 ||| READING 2 scrolls of identify.
  3539 | D:3      | 3539 ||| IDENTIFYING viscous white potion
  3540 | D:3      | 3540 ||| DROPPING potion of lignification.
  3609 | D:4      | Noticed Edmund
  3610 | D:4      | 3610 ||| Stepping ~*~*~tactically~*~*~ (stealth).
  3612 | D:4      | 3612 ||| Stepping ~*~*~tactically~*~*~ (stealth).
  3616 | D:4      | 3616 ||| Stepping ~*~*~tactically~*~*~ (stealth).
  3630 | D:4      | Killed Edmund
  3631 | D:4      | Reached skill level 6 in Axes
  3631 | D:4      | Reached XP level 6. HP: 11/35 MP: 3/10
  3842 | D:4      | 3842 ||| Stepping ~*~*~tactically~*~*~ (stealth).
  3851 | D:4      | 3851 ||| DROPPING +0 flail.
  3855 | D:4      | 3855 ||| Stepping ~*~*~tactically~*~*~ (stealth).
  3858 | D:4      | 3858 ||| Stepping ~*~*~tactically~*~*~ (stealth).
  3860 | D:4      | 3860 ||| Stepping ~*~*~tactically~*~*~ (stealth).
  3861 | D:4      | 3861 ||| Stepping ~*~*~tactically~*~*~ (stealth).
  3871 | D:4      | 3871 ||| Stepping ~*~*~tactically~*~*~ (stealth).
  3874 | D:4      | 3874 ||| Stepping ~*~*~tactically~*~*~ (stealth).
  3875 | D:4      | 3875 ||| Stepping ~*~*~tactically~*~*~ (stealth).
  3912 | D:4      | 3912 ||| Stepping ~*~*~tactically~*~*~ (stealth).
  4142 | D:4      | Reached skill level 7 in Axes
  4156 | D:4      | 4156 ||| Stepping ~*~*~tactically~*~*~ (stealth).
  4157 | D:4      | 4157 ||| Stepping ~*~*~tactically~*~*~ (stealth).
  4158 | D:4      | 4158 ||| Stepping ~*~*~tactically~*~*~ (stealth).
  4163 | D:4      | 4163 ||| Stepping ~*~*~tactically~*~*~ (stealth).
  4227 | D:4      | Noticed Eustachio
  4248 | D:4      | 4248 ||| FLEEEEING.
  4252 | D:4      | 4252 ||| FLEEEEING.
  4255 | D:4      | 4255 ||| FLEEEEING.
  4256 | D:4      | 4256 ||| FLEEEEING.
  4257 | D:4      | 4257 ||| FLEEEEING.
  4258 | D:4      | 4258 ||| FLEEEEING.
  4259 | D:4      | 4259 ||| FLEEEEING.
  4260 | D:4      | 4260 ||| FLEEEEING.
  4261 | D:4      | 4261 ||| FLEEEEING.
  4262 | D:4      | 4262 ||| FLEEEEING.
  4263 | D:4      | 4263 ||| FLEEEEING.
  4264 | D:4      | 4264 ||| FLEEEEING.
  4265 | D:4      | 4265 ||| FLEEEEING.
  4266 | D:4      | 4266 ||| FLEEEEING.
  4267 | D:4      | 4267 ||| FLEEEEING.
  4283 | D:4      | Killed Eustachio
  4284 | D:4      | Reached skill level 3 in Fighting
  4284 | D:4      | Reached XP level 7. HP: 38/42 MP: 11/11
  4621 | D:4      | 4621 ||| Stepping ~*~*~tactically~*~*~ (hiding).
  4911 | D:4      | 4911 ||| UPGRADING to +0 chain mail.
  4921 | D:4      | 4921 ||| DROPPING +0 scale mail.
  4922 | D:4      | 4922 ||| DROPPING ring of magical power.
  4928 | D:5      | Entered Level 5 of the Dungeon
  4931 | D:5      | 4931 ||| STAIRDANCE
  5102 | D:5      | 5102 ||| STAIRDANCE
  5187 | D:5      | Reached skill level 8 in Axes
  5207 | D:5      | 5207 ||| Stepping ~*~*~tactically~*~*~ (stealth).
  5221 | D:5      | 5221 ||| Stepping ~*~*~tactically~*~*~ (stealth).
  5222 | D:5      | 5222 ||| Stepping ~*~*~tactically~*~*~ (stealth).
  5223 | D:5      | 5223 ||| Stepping ~*~*~tactically~*~*~ (stealth).
  5232 | D:5      | Reached skill level 3 in Armour
  5252 | D:5      | 5252 ||| SWAPPING to +0 war axe.
  5253 | D:5      | 5253 ||| DROPPING +1 hand axe.
  5285 | D:5      | 5285 ||| Stepping ~*~*~tactically~*~*~ (stealth).
  5290 | D:5      | 5290 ||| Stepping ~*~*~tactically~*~*~ (stealth).
  5293 | D:5      | 5293 ||| Stepping ~*~*~tactically~*~*~ (stealth).
  5295 | D:5      | 5295 ||| Stepping ~*~*~tactically~*~*~ (stealth).
  5299 | D:5      | 5299 ||| Stepping ~*~*~tactically~*~*~ (stealth).
  5306 | D:5      | Reached XP level 8. HP: 43/48 MP: 10/12
  5310 | D:5      | 5310 ||| Stepping ~*~*~tactically~*~*~ (stealth).
  5343 | D:5      | 5343 ||| Stepping ~*~*~tactically~*~*~ (hiding).
  5354 | D:5      | 5354 ||| Stepping ~*~*~tactically~*~*~ (hiding).
  5610 | D:5      | 5610 ||| Stepping ~*~*~tactically~*~*~ (stealth).
  5620 | D:5      | Reached skill level 9 in Axes
  5757 | D:5      | 5757 ||| UPGRADING to +4 ring of protection.
  5759 | D:5      | 5759 ||| READING scroll labelled LOMANE MUIFAI.
  5760 | D:5      | 5760 ||| READING 2 scrolls of identify.
  5760 | D:5      | 5760 ||| IDENTIFYING silvery potion
  5789 | D:6      | 5789 ||| Stepping ~*~*~tactically~*~*~ (hiding).
  5792 | D:6      | 5792 ||| Stepping ~*~*~tactically~*~*~ (hiding).
  5794 | D:6      | 5794 ||| Stepping ~*~*~tactically~*~*~ (hiding).
  5970 | D:6      | 5970 ||| Stepping ~*~*~tactically~*~*~ (stealth).
  5972 | D:6      | 5972 ||| Stepping ~*~*~tactically~*~*~ (hiding).
  5975 | D:6      | 5975 ||| Stepping ~*~*~tactically~*~*~ (hiding).
  6158 | D:6      | Reached skill level 10 in Axes
  6617 | D:6      | Reached XP level 9. HP: 42/54 MP: 7/13
  6684 | D:6      | Found a runed translucent gate.
  6685 | D:6      | Found a runed translucent gate.
  6727 | D:6      | Found a runed translucent gate.
  6738 | D:6      | Noticed qw's ghost (amateur TeWr)
  6931 | D:6      | Found a sparkling altar of Nemelex Xobeh.
  6937 | D:6      | Found an ornate altar of the Wu Jian Council.
  6939 | D:6      | Found a basalt altar of Yredelemnul.
  6939 | D:6      | Found an iron altar of Okawaru.
  6939 | D:6      | Found a white marble altar of Elyvilon.
  6939 | D:6      | Found a radiant altar of Vehumet.
  6944 | D:6      | Found a sacrificial altar of Ru.
  6947 | D:6      | Became a worshipper of Warmaster Okawaru
  6948 | D:6      | 6948 ||| REMOVING amulet of guardian spirit.
  7159 | D:6      | 7159 ||| UPGRADING to +0 buckler.
  7164 | D:6      | 7164 ||| UPGRADING to +0 pair of gloves.
  7169 | D:6      | 7169 ||| DROPPING amulet of guardian spirit.
  7170 | D:6      | 7170 ||| READING scroll labelled TINIAK HAOCH.
  7171 | D:6      | 7171 ||| READING scroll labelled FUTYJOENURPH.
  7172 | D:6      | 7172 ||| READING scroll labelled HAPRY KAVOFF.
  7173 | D:6      | 7173 ||| READING 4 scrolls of identify.
  7173 | D:6      | 7173 ||| IDENTIFYING puce potion
  7174 | D:6      | 7174 ||| READING 3 scrolls of identify.
  7174 | D:6      | 7174 ||| IDENTIFYING bubbling brown potion
  7175 | D:6      | 7175 ||| READING 2 scrolls of identify.
  7175 | D:6      | 7175 ||| IDENTIFYING orange potion
  7176 | D:6      | 7176 ||| DROPPING potion of flight.
  7198 | D:7      | 7198 ||| Stepping ~*~*~tactically~*~*~ (hiding).
  7210 | D:7      | Reached skill level 1 in Shields
  7397 | D:7      | Reached skill level 3 in Shields
  7706 | D:7      | Reached skill level 11 in Axes
  7931 | D:7      | Found a staircase to the Ecumenical Temple.
  7940 | D:7      | Reached * piety under Okawaru
  8029 | D:7      | Reached skill level 1 in Invocations
  8183 | D:7      | 8183 ||| UPGRADING to +1 cloak.
  8193 | D:7      | 8193 ||| DROPPING +0 cloak.
  8194 | D:7      | 8194 ||| DROPPING +6 ring of dexterity.
  8195 | D:7      | 8195 ||| READING scroll labelled ODYFAVVE UPEA.
  8210 | D:8      | 8210 ||| STAIRDANCE
  8226 | D:8      | 8226 ||| STAIRDANCE
  8278 | D:8      | 8278 ||| INVOKING Heroism.
  8284 | D:8      | Reached skill level 3 in Invocations
  8293 | D:8      | Reached ** piety under Okawaru
  8294 | D:8      | Reached XP level 10. HP: 59/59 MP: 12/14
  8300 | D:8      | Reached skill level 12 in Axes
  8303 | D:8      | 8303 ||| INVOKING Heroism.
  8305 | D:8      | 8305 ||| DRINKING potion of cancellation.
  8324 | D:8      | Reached skill level 6 in Fighting
  8328 | D:8      | Noticed Prince Ribbit
  8329 | D:8      | 8329 ||| INVOKING Heroism.
  8337 | D:8      | Killed Prince Ribbit
  8345 | D:8      | Reached *** piety under Okawaru
  8346 | D:8      | Reached skill level 13 in Axes
  8506 | D:8      | Found a staircase to the Lair.
  8867 | D:8      | Noticed a centaur warrior
  8867 | D:8      | Noticed a two-headed ogre
  8867 | D:8      | Noticed a centaur warrior
  8867 | D:8      | Noticed a cyclops
  8868 | D:8      | 8868 ||| Stepping ~*~*~tactically~*~*~ (hiding).
  8869 | D:8      | 8869 ||| Stepping ~*~*~tactically~*~*~ (hiding).
  8872 | D:8      | 8872 ||| INVOKING Heroism.
  8878 | D:8      | Killed a centaur warrior
  8884 | D:8      | Killed a centaur warrior
  8884 | D:8      | Reached **** piety under Okawaru
  8885 | D:8      | Reached skill level 6 in Armour
  8888 | D:8      | Killed a two-headed ogre
  8889 | D:8      | Reached XP level 11. HP: 19/64 MP: 13/15
  8889 | D:8      | Slain by a cyclops

Levels and vault maps discovered:
D:1:      reono_arrival_forest_river, layout_loops_ring,
          hellmonk_ecumenical_altar_watching_god, minmay_misc_feat_cross,
          grunt_decor_junction
D:2:      layout_loops_ring, minmay_heptomino_w4
D:3:      minmay_door_path, layout_basic, nicolae_overflow_crystal_walls,
          lightli_corner_chamber, uniq_jessica
D:4:      layout_rooms, nrook_loot_triangle, kennysheep_big_empty_room,
          uniq_edmund, uniq_eustachio
D:5:      nicolae_cairo_tiling_large_dashed, layout_rooms,
          mumra_transporter_accident
D:6:      layout_gridville, minitemple, gammafunk_ghost_necromancy,
          chequers_serial_rivers_micro_a, nicolae_sextant, dk_rats_in_the_wall
D:7:      layout_basic, temple_green, minmay_fountain_box,
          nicolae_figureground_sparkle
D:8:      layout_layer_cave, minmay_lair_entry_grove, minmay_radiant,
          uniq_prince_ribbit1, uniq_psyche

Skill      XL: |  1  2  3  4  5  6  7  8  9 10 |
---------------+-------------------------------+-----
Axes           | 3 4 5 6 7 8 10 11 13 | 13.0
Dodging        | 3 4 |  4.1
Fighting       | 3 5 6 |  6.1
Armour         | 3 4 5 6 |  6.5
Shields        | 3 5 |  5.1
Invocations    | 3 4 |  4.6
Throwing       | |  1.0
Spellcasting   | |  2.0
Translocations | |  2.4

Action                   |  1- 3 |  4- 6 |  7- 9 | 10-12 || total
-------------------------+-------+-------+-------+-------++-------
Melee: Hand axe          |    65 |   128 |    66 |       ||   259
       Kick              |    14 |    49 |    85 |    45 ||   193
       Peck              |    14 |    28 |    55 |    24 ||   121
       Punch             |       |     1 |     1 |       ||     2
       War axe           |       |       |   204 |    92 ||   296
Throw: Boomerang         |     7 |    48 |    63 |     4 ||   122
Invok: Heroism           |       |       |     1 |     3 ||     4
  Use: Scroll            |     3 |     4 |     9 |       ||    16
       Potion            |       |     1 |       |     1 ||     2
 Stab: Sleeping          |       |     1 |       |       ||     1
Armor: Leather armour    |    10 |     7 |       |       ||    17
       Scale mail        |       |    18 |    13 |       ||    31
       Chain mail        |       |       |   140 |    50 ||   190
Dodge: Dodged            |    19 |    43 |   113 |    38 ||   213
Block: Buckler           |       |       |    14 |    17 ||    31

Table legend:
 A = Non-vault XP
 B = Vault XP
 C = Vault XP percentage of total XP
 D = Non-vault monster count
 E = Vault monster count
 F = Vault count percentage of total count
                 A         B        C        D         E       F
            +---------+---------+-------+---------+---------+-------
      Total |    4233 |    5576 |  56.8 |     165 |      50 |  23.3
            +---------+---------+-------+---------+---------+-------
        D:1 |      32 |       0 |   0.0 |      20 |       0 |   0.0
        D:2 |     103 |      35 |  25.4 |      29 |       8 |  21.6
        D:3 |      12 |      40 |  76.9 |       5 |       2 |  28.6
        D:4 |     422 |     345 |  45.0 |      35 |       2 |   5.4
        D:5 |     434 |       0 |   0.0 |      24 |       0 |   0.0
        D:6 |    1105 |      81 |   6.8 |      26 |      21 |  44.7
        D:7 |    1190 |       0 |   0.0 |      17 |       0 |   0.0
        D:8 |     935 |    5075 |  84.4 |       9 |      17 |  65.4
            +---------+---------+-------+---------+---------+-------
